Map: Triton LE

Players

BerryRAWR - Winner!

  • Race: Terran Terran
  • League: Grandmaster
  • Spawn Location: 11:00

NugPot

  • Race: Terran Terran
  • League: Grandmaster
  • Spawn Location: 5:00

VOD

Have the link to the VOD?

Description

Time

  • Played on: March 4, 2020, 12:31 a.m.
  • Length: 17:46
Show
View Real Time Build Order
Export as new Build Order

BerryRAWR Terran - Winner!

Build Orders:  

Get SALT Encoding   

  12  0:01  SCV  
  13  0:13  SCV  
  14  0:16  Supply Depot  
  14  0:27  SCV  
  15  0:31  Refinery  
  15  0:39  SCV  
  16  0:44  Barracks  
  16  0:51  SCV  
  16  0:55  Refinery  
  17  1:03  SCV  
  18  1:16  SCV  
  19  1:32  Reaper, Orbital Command  
  20  1:38  Factory  
  20  1:47  Supply Depot  
  20  1:58  SCV  
  21  2:04  Reaper  
  22  2:10  SCV  
  23  2:22  SCV  
  24  2:23  Hellion  
  26  2:33  Command Center  
  26  2:34  SCV  
  26  2:37  Barracks Reactor  
  26  2:44  Widow Mine  
  26  2:47  SCV, Bunker  
  29  2:53  Supply Depot  
  29  2:59  SCV  
  29  3:00  Starport  
  30  3:05  Factory Tech Lab  
  30  3:11  SCV  
  31  3:15  Marine x2  
  33  3:23  Refinery  
  33  3:33  Marine x2  
  33  3:40  Siege Tank  
  36  3:50  Marine x2  
  37  3:56  SCV  
  37  4:00  Supply Depot  
  38  4:08  SCV  
  38  4:18  Marine  
  38  4:22  Viking, SCV, Siege Tank  
  46  4:26  Orbital Command  
  46  4:34  SCV  
  47  4:38  Marine  
  47  4:39  Marine  
  48  4:46  SCV  
  48  4:51  SCV  
  50  4:58  SCV  
  51  5:03  Starport Reactor  
  51  5:04  SCV  
  51  5:06  Marine  
  53  5:07  Marine  
  53  5:08  Siege Tank  
  53  5:10  SCV  
  58  5:16  SCV  
  58  5:21  Supply Depot  
  59  5:22  SCV  
  59  5:24  Marine  
  59  5:25  Marine  
  59  5:28  SCV  
  63  5:35  SCV  
  62  5:40  SCV, Barracks x2  
  63  5:44  Siege Tank  
  63  5:47  SCV  
  67  5:52  SCV  
  67  5:55  Starport Reactor  
  68  5:59  SCV, Barracks Tech Lab  
  68  6:02  Supply Depot  
  68  6:03  Engineering Bay  
  69  6:04  SCV, Engineering Bay  
  70  6:11  Barracks  
  70  6:12  SCV  
  70  6:16  SCV, Barracks  
  70  6:17  Refinery  
  72  6:21  Marine  
  72  6:23  Siege Tank  
  76  6:31  Combat Shield  
  76  6:34  Marine x2  
  76  6:36  Marine x2  
  80  6:40  Terran Infantry Weapons Level 1  
  80  6:45  SCV  
  80  6:49  Marine  
  80  6:52  Marine x2  
  81  6:55  Barracks  
  78  7:03  Marine x2  
  78  7:04  Barracks Reactor  
  78  7:05  Siege Tank  
  78  7:07  Marine  
  83  7:10  Marine  
  83  7:14  Medivac x2  
  85  7:17  Engineering Bay, Marine  
  86  7:26  Marine x2  
  86  7:27  Marine  
  86  7:28  Refinery  
  86  7:44  Marine x2  
  86  7:45  SCV x2, Marine x2  
  86  7:50  Marine  
  87  7:52  Marine  
  87  7:57  SCV x2  
  91  8:02  Marine x3  
  91  8:04  Siege Tank  
  96  8:09  SCV, Stimpack  
  97  8:16  Medivac x2  
  97  8:17  Marine  
  98  8:27  Marine x2  
  98  8:31  SCV  
  98  8:32  SCV  
  102  8:50  Terran Infantry Armor Level 1  
  102  9:13  SCV, Marine x7  
  102  9:14  Supply Depot  
  102  9:16  Supply Depot  
  110  9:20  SCV, Marine  
  110  9:22  Siege Tank  
  104  9:26  SCV  
  83  9:31  Marine x2  
  83  9:32  SCV  
  83  9:37  Marine x5  
  85  9:52  Marine x3  
  72  9:55  Marine x5  
  72  9:57  SCV x2  
  71  10:03  Siege Tank  
  74  10:09  Marine  
  74  10:10  Marine x2  
  74  10:12  Marine  
  74  10:13  Marine x3  
  81  10:14  Medivac  
  81  10:15  Medivac  
  81  10:17  Marine  
  86  10:27  Marine x2  
  88  10:28  Marine  
  88  10:35  Siege Tank  
  92  10:37  Marine x2  
  92  10:42  Marine x2  
  96  10:47  Marine x4  
  100  10:51  Medivac  
  100  10:54  Marine  
  100  10:55  Marine  
  100  11:00  Marine x2  
  99  11:07  Siege Tank  
  102  11:16  Marine x2  
  102  11:18  SCV  
  101  11:21  SCV  
  101  11:24  Marine  
  103  11:26  Marine x2  
  103  11:30  SCV, Marine  
  103  11:32  Marine  
  108  11:39  Siege Tank  
  111  11:40  Marine x2  
  111  11:44  Marine  
  111  11:45  Marine  
  111  11:47  Marine x2  
  115  11:53  Marine  
  119  11:58  Marine  
  119  12:01  Marine  
  121  12:02  Marine x2  
  121  12:04  Marine  
  121  12:06  Medivac  
  126  12:13  Supply Depot  
  125  12:16  Supply Depot  
  125  12:19  Marine  
  126  12:34  Medivac, Marine x3, Siege Tank  
  122  12:55  Marine x2  
  122  12:57  Medivac, Marine x2  
  119  13:06  Siege Tank  
  119  13:10  Marine x4  
  122  13:13  Marine x2  
  122  13:14  Marine  
  122  13:16  Orbital Command  
  123  13:20  Marine  
  124  13:28  Marine x2  
  123  13:38  Siege Tank  
  123  13:39  Marine x2  
  123  13:41  Marine x2  
  97  13:43  Marine  
  97  13:44  Marine  
  97  13:46  Marine  
  101  13:49  Medivac  
  101  13:52  Medivac  
  101  13:53  Marine  
  106  13:57  Marine x2  
  106  13:58  Marine  
  94  14:12  Marine x5  
  94  14:15  Marine x2, Siege Tank  
  103  14:19  Refinery, Marine  
  104  14:30  Marine x2  
  106  14:34  Marine  
  87  14:49  Marine  
  87  14:52  Marine x4  
  88  14:54  Marine x3  
  88  14:55  Siege Tank  
  88  14:59  Medivac x2  
  95  15:06  Marine  
  86  15:10  Marine  
  83  15:17  Marine x5  
  83  15:21  Marine  
  82  15:24  Marine  
  82  15:27  Marine, Siege Tank  
  87  15:34  Armory  
  87  15:35  Marine x5  
  95  15:38  Marine  
  95  15:40  Liberator x2  
  95  15:42  Marine  
  100  15:45  Marine  
  101  15:52  Marine  
  101  15:53  Marine x4  
  101  15:56  Marine  
  107  15:59  Siege Tank  
  107  16:00  Marine  
  107  16:03  Marine  
  112  16:05  Missile Turret  
  112  16:10  Marine x2  
  112  16:11  Marine  
  115  16:13  Marine x2  
  115  16:14  Marine  
  115  16:18  Marine  
  119  16:21  Marine  
  118  16:28  Marine x3  
  118  16:31  Marine x2, Siege Tank  
  118  16:32  Marine  
  124  16:43  Marine  
  124  16:46  Marine  
  127  16:50  Marine x2  
  128  16:56  Marine x2  
  127  17:01  Marine  
  127  17:03  Siege Tank  
  127  17:04  Marine  
  127  17:08  Marine x2  
  129  17:14  Marine  
  131  17:19  Marine  
  131  17:22  Marine, Barracks  
  133  17:25  Marine  
  133  17:26  Marine  
  134  17:30  Supply Depot x2  
Show
View Real Time Build Order
Export as new Build Order

NugPot Terran 

Build Orders:  

Get SALT Encoding   

  12  0:00  SCV  
  13  0:12  SCV  
  14  0:17  Supply Depot  
  14  0:25  Refinery  
  14  0:27  SCV  
  15  0:39  SCV  
  16  0:44  Barracks  
  16  0:51  SCV  
  16  0:55  Refinery  
  17  1:03  SCV  
  18  1:16  SCV  
  19  1:28  SCV  
  19  1:31  Reaper  
  21  1:33  Factory  
  21  1:40  Orbital Command  
  21  1:47  Supply Depot  
  21  2:03  Reaper  
  21  2:05  SCV  
  23  2:16  Hellion  
  23  2:18  SCV  
  26  2:26  Command Center  
  26  2:36  SCV, Reaper  
  28  2:38  Hellion  
  28  2:43  Supply Depot  
  30  2:48  SCV  
  31  2:59  Starport, Factory Tech Lab  
  31  3:04  SCV  
  32  3:08  Barracks Reactor  
  32  3:16  SCV  
  33  3:22  Cyclone  
  36  3:51  Marine x2  
  36  3:52  Viking, Orbital Command  
  36  3:53  SCV  
  39  4:04  Siege Tank  
  39  4:05  SCV  
  39  4:07  Barracks  
  43  4:15  Refinery  
  43  4:16  Barracks  
  42  4:17  SCV  
  42  4:19  SCV, Barracks Tech Lab  
  42  4:23  Starport Reactor  
  44  4:28  Supply Depot  
  44  4:29  SCV  
  44  4:31  SCV, Engineering Bay  
  46  4:36  Siege Tank  
  49  4:39  Refinery  
  49  4:41  SCV  
  49  4:42  Marine  
  49  4:43  SCV  
  49  4:45  Stimpack  
  52  4:53  SCV  
  52  4:55  Barracks Reactor, SCV  
  54  5:00  Marine  
  54  5:02  Marine x2  
  54  5:04  Medivac  
  54  5:05  SCV  
  60  5:10  Medivac  
  60  5:12  Supply Depot  
  62  5:22  Terran Infantry Weapons Level 1  
  62  5:27  SCV, Marine x3  
  66  5:31  Supply Depot  
  66  5:33  Siege Tank  
  69  5:36  Marine x2  
  69  5:41  Medivac  
  73  5:44  Marine  
  73  5:49  Supply Depot  
  74  5:51  Marine x2  
  74  5:54  Medivac  
  74  5:55  Marine x2  
  80  5:57  SCV  
  80  5:59  SCV  
  82  6:08  Supply Depot, Siege Tank  
  82  6:11  Marine x2  
  86  6:17  Marine x2  
  86  6:18  Marine  
  90  6:25  SCV, Combat Shield  
  90  6:26  SCV  
  90  6:32  Marine  
  93  6:33  Supply Depot  
  93  6:34  Marine  
  93  6:38  SCV  
  95  6:40  Siege Tank  
  95  6:41  Marine  
  95  6:43  Marine  
  100  6:48  Marine  
  100  7:00  Marine x3  
  95  7:13  Command Center  
  89  7:16  Marine x2  
  89  7:18  Marine, Siege Tank  
  89  7:21  Medivac x2  
  98  7:32  Marine x2  
  98  7:34  Terran Infantry Armor Level 1  
  94  7:37  SCV x2  
  94  7:40  Marine x2  
  98  7:50  Marine x3, Siege Tank  
  96  7:53  Barracks  
  96  7:56  Barracks  
  95  8:04  Marine x2  
  95  8:08  Marine  
  95  8:12  SCV x2  
  98  8:13  Marine x2  
  99  8:22  Viking x2, Siege Tank  
  99  8:26  Marine x3  
  107  8:31  Marine  
  107  8:32  Marine  
  107  8:33  Orbital Command  
  107  8:39  SCV x2  
  109  8:42  Barracks Reactor  
  109  8:43  Barracks Reactor  
  109  8:44  Marine  
  109  8:45  Marine  
  111  8:52  Viking  
  111  8:53  Viking, Marine  
  111  8:54  Marine x2  
  118  9:00  SCV x3  
  114  9:05  Marine x2  
  110  9:11  Marine x2  
  112  9:17  Marine  
  112  9:22  Liberator  
  112  9:23  Marine x2  
  112  9:24  Marine x2  
  112  9:25  Marine x2  
  112  9:29  Marine x2  
  99  9:36  Liberator  
  99  9:38  Marine  
  97  9:41  Marine x2  
  97  9:42  Marine  
  97  9:47  Marine x2  
  79  9:53  Marine x3  
  79  9:55  Marine  
  79  9:56  SCV x2  
  79  9:59  Marine  
  85  10:03  Siege Tank  
  88  10:13  Marine x6  
  94  10:14  Marine  
  95  10:27  SCV x2  
  95  10:28  Factory  
  97  10:30  Marine x2  
  100  10:35  SCV  
  100  10:36  Marine  
  101  10:57  Supply Depot  
  101  10:58  Supply Depot  
  101  11:02  Marine x2  
  101  11:03  Marine  
  101  11:04  SCV  
  101  11:08  SCV, Marine  
  101  11:14  SCV, Marine x2  
  101  11:16  Liberator  
  101  11:18  Marine x3, Liberator  
  101  11:19  Marine x2  
  101  11:20  SCV  
  101  11:21  Marine  
  101  11:22  Factory Tech Lab  
  101  11:23  SCV  
  112  11:26  SCV, Marine  
  112  11:32  Siege Tank  
  117  11:37  Armory  
  117  11:46  Marine  
  117  12:00  Marine  
  117  12:01  Supply Depot  
  117  12:02  Supply Depot  
  117  12:17  SCV x2, Marine x3, Siege Tank  
  117  12:22  SCV, Marine x4, Siege Tank  
  133  12:24  Marine x2  
  133  12:27  Supply Depot  
  133  12:28  Supply Depot  
  133  12:29  SCV, Supply Depot  
  136  12:35  Marine x3  
  138  12:40  Marine x4  
  138  12:41  Marine x2  
  113  12:51  Siege Tank  
  113  12:53  Marine x2  
  113  12:55  Siege Tank  
  111  13:02  Orbital Command  
  109  13:06  Marine  
  109  13:07  Marine x4  
  109  13:12  Terran Infantry Weapons Level 2  
  111  13:14  Engineering Bay  
  111  13:19  Liberator  
  110  13:23  Marine x3, Siege Tank  
  122  13:27  Medivac, Siege Tank  
  121  13:40  Marine x4  
  107  13:43  SCV x3  
  110  13:53  Terran Infantry Armor Level 2  
  110  13:54  Marine  
  72  14:11  Marine x7  
  72  14:15  Marine x2  
  81  14:29  Marine  
  82  14:36  Marine x3  
  71  14:41  Marine x3  
  71  14:43  Marine x2  
  66  14:46  Marine  
  63  14:53  Marine, Siege Tank  
  63  14:54  Marine  
  61  15:08  Marine x3  
  61  15:10  Orbital Command  
  61  15:16  Marine  
  61  15:17  Marine  
  59  15:27  Marine x2  
  61  15:46  Marine x3  
  61  15:47  Orbital Command  
  64  15:51  Siege Tank  
  67  15:59  Siege Tank  
  67  16:00  Marine  
  71  16:05  Marine x2  
  71  16:08  Marine  
  74  16:14  Marine x3  
  77  16:23  Siege Tank  
  79  16:27  Marine x4  
  80  16:38  Marine  
  80  16:39  Marine x2  
  75  16:45  Marine x5  
  75  16:46  Siege Tank  
  78  16:52  Marine  
  79  16:56  Marine  
  51  17:08  Marine  
  51  17:09  Marine x4  
  56  17:18  Marine x2  
  56  17:19  Orbital Command  
Tags
 
Add a new tag
Caveats
  • Supply blocks, unpowered buildings, or Contaminate may cause inaccurate times.
  • Supply counts are checked every 10 seconds.